Map: Ruby Rock LE

Players

SCIInewby - Winner!

  • Race: Protoss Protoss
  • League: Master
  • Spawn Location: 5:00

Keptea

  • Race: Protoss Protoss
  • League: Master
  • Spawn Location: 11:00

VOD

Have the link to the VOD?

Description

Time

  • Played on: Feb. 7, 2026, 2:23 p.m.
  • Length: 7:36
Show
View Real Time Build Order
Export as new Build Order

SCIInewby Protoss - Winner!

Build Orders: Zealot Archon 

Get SALT Encoding   

  12  0:00  Probe  
  13  0:19  Probe  
  13  0:20  Pylon  
  14  0:31  Probe  
  15  0:40  Gateway, Probe  
  15  0:48  Probe  
  17  1:08  Probe  
  18  1:12  Assimilator  
  18  1:21  Probe  
  18  1:22  Forge  
  19  1:37  Pylon  
  19  1:40  Probe  
  20  1:47  Assimilator  
  20  1:48  Probe  
  21  1:59  Nexus  
  21  2:04  Zealot  
  21  2:07  Probe  
  24  2:15  Probe  
  25  2:23  Probe  
  26  2:30  Photon Cannon  
  26  2:38  Probe  
  27  2:48  Cybernetics Core  
  27  2:50  Probe  
  28  3:02  Gateway  
  28  3:07  Pylon  
  28  3:09  Probe x2  
  30  3:15  Warp Gate  
  30  3:17  Probe  
  30  3:20  Assimilator  
  30  3:25  Assimilator  
  31  3:29  Probe  
  31  3:31  Probe  
  33  3:41  Twilight Council, Probe  
  33  3:46  Zealot  
  36  3:50  Zealot  
  38  3:58  Shield Battery  
  38  3:59  Probe x2  
  40  4:11  Pylon, Probe x2  
  40  4:16  Gateway  
  42  4:22  Charge  
  42  4:28  Zealot  
  44  4:35  Probe  
  44  4:36  Probe  
  46  4:44  Dark Shrine  
  46  4:47  Probe  
  46  4:48  Probe  
  49  5:00  Probe x2  
  49  5:06  Stalker x2  
  54  5:12  Probe  
  55  5:19  Pylon  
  55  5:27  Pylon  
  55  5:31  Pylon  
  55  5:38  Photon Cannon  
  55  5:41  Photon Cannon  
  55  5:43  Pylon  
  55  5:54  Pylon, Photon Cannon  
  55  5:56  Probe x2, Photon Cannon, Pylon  
  57  6:00  Stalker  
  57  6:01  Stalker x2  
  63  6:08  Probe x2  
  65  6:20  Probe x2, Dark Templar  
  65  6:21  Dark Templar  
  71  6:27  Dark Templar  
  73  6:33  Archon  
  71  6:55  Stalker x2  
  71  7:01  Dark Templar  
  71  7:27  Dark Templar x2  
Show
View Real Time Build Order
Export as new Build Order

Keptea Protoss 

Build Orders:  

Get SALT Encoding   

  12  0:12  Pylon  
  12  0:19  Assimilator  
  12  0:24  Probe  
  13  0:38  Forge  
  13  0:43  Probe  
  14  0:55  Probe  
  15  1:07  Probe  
  16  1:27  Photon Cannon  
  16  1:41  Gateway  
  16  1:44  Probe  
  16  1:52  Probe  
  17  1:56  Assimilator  
  18  2:02  Probe  
  18  2:06  Pylon  
  19  2:18  Probe  
  20  2:26  Probe  
  20  2:34  Cybernetics Core, Probe  
  22  2:45  Photon Cannon  
  22  2:47  Probe  
  23  3:13  Stargate  
  23  3:34  Probe  
  23  3:37  Robotics Facility  
  24  3:42  Probe  
  25  3:51  Probe  
  26  3:57  Stargate  
  30  4:04  Probe  
  30  4:05  Void Ray  
  31  4:17  Fleet Beacon  
  31  4:23  Pylon  
  31  4:31  Pylon  
  31  4:41  Warp Prism, Probe  
  34  4:53  Probe  
  35  5:04  Carrier  
  35  5:05  Probe  
  42  5:18  Probe  
  43  5:30  Probe  
  44  6:15  Nexus  
  44  6:17  Assimilator  
  44  6:21  Assimilator  
  44  6:25  Pylon  
  44  6:27  Pylon  
  44  6:44  Cybernetics Core  
Tags
 
Composition
Zealot Archon
Matchup
PvP
Replay Pack
Multiplayer
Spawn Locations
Cross Positions
Add a new tag
Caveats
  • Supply blocks, unpowered buildings, or Contaminate may cause inaccurate times.
  • Supply counts are checked every 10 seconds.